 Dungeon Crawl Stone Soup version 0.21.1-1-g345015f (webtiles) character file.

69 tyranidshit the Skirmisher (level 4, -5/38 HPs)
             Began as a Demonspawn Abyssal Knight on July 28, 2018.
             Was a Believer of Lugonu.
             Slain by Sigmund
             ... wielding a +0 scythe
              (8 damage)
             ... on level 2 of the Dungeon.
             The game lasted 00:02:43 (1202 turns).

tyranidshit the Skirmisher (DsAK)                   Turns: 1202, Time: 00:02:44

Health: -5/38      AC:  6    Str: 12 (14) XL:     4   Next: 2%
Magic:  5/5        EV: 15    Int: 17 (18) God:    Lugonu [**....]
Gold:   145        SH:  0    Dex: 18 (19) Spells: 3/3 levels left

rFire    + . .     SeeInvis .   a - +1 hand axe
rCold    . . .     Gourm    .   (no shield)
rNeg     . . .     Faith    .   d - +1 ring mail of Complete Protection {Dex+2}
rPois    .         Spirit   .   (no helmet)
rElec    .         Reflect  .   (no cloak)
rCorr    .         Harm     .   (no gloves)
MR       .....                  (no boots)
Stlth    +.........             (no amulet)
HPRegen  0.12/turn              (no ring)
MPRegen  0.09/turn              (no ring)

@: confused, brilliant, agile
A: large bone plates 1, fire resistance 1, flame cloud immunity
a: Depart the Abyss, Bend Space, Renounce Religion


You were on level 2 of the Dungeon.
You worshipped Lugonu.
Lugonu was pleased with you.
You were not hungry.

You visited 1 branch of the dungeon, and saw 2 of its levels.
You visited the Abyss 1 time.

You collected 145 gold pieces.

Inventory:

Hand Weapons
 a - a +1 hand axe (weapon)
Armour
 b - a +0 leather armour
 d - the +1 ring mail of Complete Protection (worn) {Dex+2}
   (You found it on level 2 of the Abyss)

   It affects your dexterity (+2).
Scrolls
 g - 2 scrolls of teleportation
 h - 2 scrolls of identify
 i - a scroll of noise {unknown}
Comestibles
 c - 2 rations


   Skills:
 + Level 4.9 Fighting
 - Level 1.7 Axes
 - Level 1.7 Armour
 - Level 0.8 Dodging
 - Level 2.4 Invocations


You had 3 spell levels left.
You didn't know any spells.

Dungeon Overview and Level Annotations

Branches:
Dungeon (2/15)

Altars:

Annotations:
D:2 Sigmund


Innate Abilities, Weirdness & Mutations

You are partially covered in large bone plates. (SH +4)
Your flesh is heat resistant. (rF+)
You are immune to clouds of flame.


Message History

You hit something but do no damage.
You hear some strange, mumbled words.
Something tries to affect you, but you resist.
You hit something but do no damage. Something hits you.
You barely miss something.
You hear some strange, mumbled words.
You are confused.
You hit something.
You hear some strange, mumbled words.
You are more confused.
Something barely misses you.
Found a stone staircase leading down.
You bump into the rock wall.
Something barely misses you.
You barely miss something. Something hits you!
* * * LOW HITPOINT WARNING * * *
You completely miss something. Something hits you but does no damage.
You hit something but do no damage. Something barely misses you.
You hit something but do no damage. You miss something. Something hits you!
You die...

#..........#
####..###.###.#
#.........# #.#
### #.........#
#.# #(.
#.........# #.#
#.. #.........#
#.# #..
#.........# #.##
######
#...).)...##>...
......
......)..{@.......
#.#..
##.#.#?#.###......
..... #.......#
...... #.#..
#.#.#.#.# ..#.
##.#.. #..(.....
.+ ......
#.#.#.#.. # #....
#......... ###....
....... ....#.....


There were no monsters in sight!

Vanquished Creatures
  2 adders (D:2)
  2 oozes (D:1)
  A dart slug (D:1)
  3 leopard geckos
  7 bats
  A giant cockroach (D:2)
  4 goblins
  3 hobgoblins
  10 frilled lizards
  5 kobolds
  3 rats
41 creatures vanquished.

Notes
Turn   | Place    | Note
-------+----------+-------------------------------------------
     0 | Abyss:1  | tyranidshit the Demonspawn Abyssal Knight began the quest for the Orb.
     0 | Abyss:1  | Reached XP level 1. HP: 18/18 MP: 2/2
    50 | Abyss:2  | Got a steaming ring mail
    61 | Abyss:2  | Noticed a tentacled starspawn
    61 | Abyss:2  | Identified the +1 ring mail of Complete Protection {Dex+2} (You found it on level 2 of the Abyss)
    68 | D:1      | Escaped the Abyss
   174 | D:1      | Gained mutation: You are partially covered in large bone plates. (SH +4) [demonic ancestry]
   174 | D:1      | Reached XP level 2. HP: 24/24 MP: 3/3
   176 | D:1      | Reached * piety under Lugonu
   248 | D:1      | Reached skill level 4 in Fighting
   449 | D:1      | Gained mutation: Your flesh is heat resistant. (rF+) [demonic ancestry]
   449 | D:1      | Reached XP level 3. HP: 23/30 MP: 4/4
  1165 | D:2      | Noticed Sigmund
  1173 | D:2      | Gained mutation: You are immune to clouds of flame. [demonic ancestry]
  1173 | D:2      | Reached XP level 4. HP: 32/38 MP: 5/5
  1175 | D:2      | Reached ** piety under Lugonu
  1202 | D:2      | Slain by Sigmund

Skill      XL: |  1  2 |
---------------+-------+-----
Fighting       | 4 |  4.9
Axes           | |  1.7
Armour         | |  1.7
Dodging        | |  0.8
Invocations    | |  2.4

Action                   |  1- 3 |  4- 6 || total
-------------------------+-------+-------++-------
Melee: Hand axe          |   101 |    23 ||   124
Invok: Depart the Abyss  |     1 |       ||     1
  Use: Scroll            |     4 |       ||     4
       Potion            |     4 |     2 ||     6
 Stab: Sleeping          |     2 |       ||     2
  Eat: Ration            |     1 |       ||     1
Armor: Ring mail         |    59 |     2 ||    61
Dodge: Dodged            |    62 |    12 ||    74
Block: Other             |    18 |       ||    18
